Map: Thunderbird LE

Players

RedVelvet - Winner!

  • Race: Protoss Protoss
  • League: Diamond
  • Spawn Location: 5:00

pHARM

  • Race: Zerg Zerg
  • League: Platinum
  • Spawn Location: 11:00

VOD

Have the link to the VOD?

Description

Time

  • Played on: Aug. 26, 2019, 8:11 a.m.
  • Length: 9:29
Show
View Real Time Build Order
Export as new Build Order

RedVelvet Protoss - Winner!

Build Orders: 1 Gate Expand 

Get SALT Encoding   

  12  0:00  Probe  
  13  0:13  Probe  
  14  0:19  Pylon  
  14  0:25  Probe  
  15  0:37  Probe  
  16  0:44  Gateway  
  16  0:46  Assimilator  
  16  0:49  Probe  
  17  0:59  Probe  
  18  1:17  Probe  
  19  1:32  Nexus  
  19  1:37  Cybernetics Core  
  19  1:39  Probe  
  20  1:45  Assimilator  
  19  1:51  Probe  
  20  1:54  Pylon  
  20  2:03  Probe  
  21  2:12  Probe  
  21  2:14  Warp Gate, Adept  
  24  2:20  Probe  
  24  2:29  Probe  
  25  2:35  Twilight Council  
  26  2:40  Probe  
  26  2:41  Pylon, Probe  
  27  2:48  Probe  
  28  2:53  Probe  
  28  2:55  Adept  
  32  2:59  Probe  
  33  3:08  Probe  
  33  3:09  Probe  
  33  3:12  Resonating Glaives  
  35  3:17  Probe  
  35  3:20  Probe  
  35  3:26  Gateway, Probe  
  37  3:29  Gateway  
  38  3:34  Adept  
  38  3:35  Probe  
  41  3:45  Robotics Facility  
  41  3:48  Probe x2  
  43  3:55  Gateway  
  43  4:00  Probe x2  
  45  4:04  Assimilator  
  45  4:06  Assimilator  
  45  4:07  Pylon  
  45  4:16  Adept  
  45  4:17  Pylon  
  47  4:22  Adept  
  49  4:29  Probe x2  
  51  4:32  Warp Prism  
  53  4:40  Adept x2  
  57  4:55  Adept x2  
  57  5:03  Pylon  
  57  5:04  Immortal  
  57  5:07  Dark Shrine  
  57  5:08  Stalker  
  57  5:09  Stalker  
  53  5:24  Stalker x2  
  51  5:34  Shield Battery x2  
  49  5:39  Stalker x2  
  46  5:49  Stalker  
  41  5:52  Immortal  
  43  6:12  Stalker  
  43  6:13  Stalker  
  35  6:26  Stalker  
  36  6:34  Immortal  
  36  6:45  Probe  
  41  6:54  Stalker  
  43  6:57  Probe x2  
  45  7:07  Stalker  
  47  7:09  Probe, Stalker  
  47  7:11  Observer  
  51  7:23  Probe x2  
  51  7:24  Stalker  
  55  7:38  Probe x2  
  57  7:51  Warp Prism  
  57  7:54  Stalker  
  57  7:55  Stalker x3  
  65  8:04  Probe  
  68  8:12  Probe  
  69  8:16  Probe  
  70  8:21  Zealot x3  
  70  8:23  Sentry  
  78  8:28  Pylon  
  78  8:38  Pylon  
  78  8:41  Forge  
  78  8:47  Pylon  
  78  8:53  Stalker x2  
  78  8:54  Stalker  
  79  9:28  Stalker x4  
Show
View Real Time Build Order
Export as new Build Order

pHARM Zerg 

Build Orders: Hatch First, Roach Nydus 

Get SALT Encoding   

  12  0:00  Drone  
  13  0:15  Overlord  
  13  0:16  Drone  
  14  0:33  Drone x2  
  16  0:37  Drone  
  17  0:55  Hatchery  
  16  1:06  Drone x2  
  16  1:09  Drone  
  19  1:22  Spawning Pool, Drone  
  19  1:31  Drone  
  20  1:46  Drone  
  21  1:47  Extractor  
  21  1:51  Overlord  
  20  2:08  Queen x2  
  20  2:13  Drone x2  
  26  2:22  Drone x2  
  28  2:34  Drone  
  28  2:35  Drone  
  30  2:41  Drone x2  
  32  2:50  Lair  
  32  2:52  Drone x2  
  32  2:58  Extractor  
  33  2:59  Drone  
  34  3:07  Overlord x2  
  34  3:31  Roach Warren  
  34  3:32  Drone  
  34  3:36  Drone x7  
  41  3:51  Nydus Network  
  40  3:58  Drone x2  
  42  4:03  Overlord x2  
  42  4:11  Roach  
  42  4:12  Roach x3  
  50  4:17  Queen  
  50  4:21  Queen  
  50  4:22  Roach x2  
  58  4:26  Roach x4  
  66  4:41  Nydus Canal  
  66  4:45  Roach  
  61  5:11  Roach  
  59  5:19  Roach x4  
  67  5:40  Drone  
  67  5:41  Overlord x2  
  67  5:42  Overlord  
  54  6:07  Drone x6  
  44  6:34  Extractor, Roach  
  44  6:35  Roach x3  
  49  6:56  Spire  
  48  7:07  Hatchery  
  47  7:22  Spore Crawler  
  47  7:23  Spine Crawler  
  47  7:24  Drone  
  47  7:25  Drone  
  47  7:29  Spore Crawler  
  46  7:31  Drone x7, Spine Crawler  
  46  7:35  Queen  
  54  8:10  Mutalisk x5  
  64  8:16  Extractor  
  63  8:23  Drone x2  
  63  8:24  Drone x5  
  70  8:32  Mutalisk  
  70  8:33  Extractor  
  71  8:37  Drone x4  
  71  8:38  Extractor  
  74  8:55  Roach x7  
  88  9:04  Roach x5  
Tags
 
Add a new tag
Caveats
  • Supply blocks, unpowered buildings, or Contaminate may cause inaccurate times.
  • Supply counts are checked every 10 seconds.